Map: Ruby Rock LE

Players

llllllllllll - Winner!

  • Race: Protoss Protoss
  • League: Master
  • Spawn Location: 5:00

shinobu

  • Race: Zerg Zerg
  • League: Grandmaster
  • Spawn Location: 11:00

VOD

Have the link to the VOD?

Description

Time

  • Played on: Jan. 30, 2026, 11:16 p.m.
  • Length: 15:13
Show
View Real Time Build Order
Export as new Build Order

llllllllllll Protoss - Winner!

Build Orders: 1 Gate Expand 

Get SALT Encoding   

  12  0:00  Probe  
  13  0:12  Probe  
  14  0:20  Pylon  
  14  0:24  Probe  
  15  0:36  Probe  
  15  0:39  Gateway  
  16  0:44  Probe  
  16  0:49  Assimilator  
  17  0:53  Probe  
  18  1:05  Probe  
  19  1:21  Probe  
  20  1:34  Nexus  
  20  1:38  Cybernetics Core, Probe  
  21  1:44  Assimilator  
  21  1:50  Probe  
  21  1:53  Pylon  
  22  2:03  Probe  
  22  2:04  Adept  
  23  2:15  Warp Gate, Probe  
  26  2:27  Probe  
  27  2:30  Stargate  
  27  2:35  Stalker  
  27  2:37  Probe  
  27  2:42  Probe  
  30  2:45  Probe  
  30  2:50  Probe  
  32  2:54  Probe  
  34  2:59  Gateway  
  34  3:00  Probe  
  34  3:05  Probe  
  35  3:11  Void Ray  
  35  3:12  Probe  
  37  3:17  Probe  
  42  3:22  Pylon  
  42  3:30  Twilight Council  
  42  3:34  Gateway  
  42  3:40  Gateway  
  42  3:41  Probe  
  42  3:44  Probe  
  42  3:47  Pylon  
  44  3:50  Resonating Glaives  
  44  3:53  Assimilator  
  44  3:55  Probe  
  45  3:57  Pylon  
  45  3:59  Probe  
  46  4:05  Adept  
  46  4:06  Adept  
  50  4:13  Probe  
  50  4:14  Probe  
  50  4:16  Assimilator  
  52  4:25  Probe  
  52  4:29  Probe, Adept  
  52  4:30  Adept  
  59  4:38  Probe  
  59  4:41  Pylon  
  59  4:46  Probe  
  59  4:47  Adept x2  
  64  4:56  Adept x2  
  68  5:01  Probe  
  69  5:08  Probe  
  69  5:10  Adept x2  
  69  5:13  Pylon  
  70  5:18  Stargate  
  70  5:20  Fleet Beacon  
  70  5:33  Adept x4  
  78  5:45  Nexus  
  74  5:51  Carrier  
  71  6:01  Probe, Carrier  
  80  6:15  Probe  
  80  6:16  Probe  
  76  6:27  Probe  
  76  6:29  Probe  
  76  6:33  Shield Battery  
  76  6:39  Forge  
  77  6:40  Probe  
  77  6:41  Probe  
  77  6:44  Adept x4  
  77  6:46  Carrier  
  86  6:57  Probe  
  86  7:00  Probe  
  94  7:01  Probe  
  95  7:18  Probe x2  
  95  7:19  Probe, Protoss Air Weapons Level 1  
  95  7:20  Pylon  
  95  7:21  Assimilator  
  94  7:24  Void Ray  
  94  7:25  Assimilator  
  94  7:27  Shield Battery  
  94  7:30  Probe x2  
  94  7:32  Probe  
  97  7:41  Gateway  
  97  7:42  Probe x2, Gateway  
  97  7:44  Probe  
  100  7:47  Void Ray  
  104  7:54  Probe  
  104  7:55  Protoss Ground Weapons Level 1  
  104  7:57  Templar Archives  
  104  7:58  Charge  
  105  8:00  Probe  
  105  8:01  Probe  
  107  8:06  Probe  
  107  8:07  Pylon  
  107  8:09  Pylon  
  106  8:27  Zealot x4  
  106  8:31  Probe  
  106  8:32  Probe  
  106  8:33  Gateway  
  104  8:36  Photon Cannon  
  104  8:37  Pylon  
  100  8:46  Void Ray  
  90  8:49  Zealot x3  
  90  8:50  Zealot  
  90  8:52  Probe  
  97  9:02  Probe  
  98  9:03  Psionic Storm  
  98  9:06  Probe  
  98  9:07  Probe  
  100  9:13  Zealot x4  
  108  9:20  Pylon  
  108  9:34  High Templar x4  
  108  9:35  Probe  
  108  9:37  Probe  
  118  9:38  Probe  
  118  9:42  Photon Cannon  
  119  9:56  Probe  
  119  10:02  High Templar  
  119  10:03  High Templar x2  
  119  10:04  Probe  
  134  10:07  Void Ray  
  134  10:08  Void Ray  
  134  10:09  Archon  
  134  10:12  Protoss Ground Weapons Level 2  
  134  10:17  Nexus  
  134  10:18  Pylon  
  134  10:22  Robotics Facility  
  134  10:23  Probe  
  135  10:28  Zealot, Pylon  
  135  10:31  Probe x2  
  135  10:33  Pylon  
  135  10:34  Protoss Air Weapons Level 2  
  135  10:35  Probe  
  140  10:43  Probe x2  
  140  10:47  Probe  
  143  10:50  Flux Vanes  
  143  10:55  Shield Battery  
  143  10:56  Shield Battery  
  143  10:57  Shield Battery  
  143  10:59  High Templar  
  143  11:00  High Templar  
  143  11:02  Probe x2  
  143  11:03  Archon  
  149  11:08  Probe  
  154  11:16  Void Ray  
  158  11:19  Void Ray  
  153  11:34  Pylon  
  153  11:36  Pylon, Probe x2  
  153  11:37  Probe  
  153  11:38  Pylon  
  156  11:42  Stargate  
  156  11:47  Observer  
  144  11:49  Probe  
  142  11:55  High Templar x2  
  142  11:56  Zealot x3  
  142  11:57  Zealot x2  
  142  12:00  Photon Cannon  
  156  12:04  Pylon  
  156  12:07  Photon Cannon, Gateway  
  156  12:12  Archon  
  156  12:17  Blink  
  156  12:18  Assimilator  
  156  12:23  Assimilator  
  156  12:25  High Templar x2  
  160  12:31  Zealot x5  
  150  12:52  Gateway  
  150  12:55  Gateway  
  150  12:57  Gateway  
  150  12:58  Stalker x6  
  160  13:04  Probe  
  160  13:05  Probe  
  164  13:07  Probe  
  173  13:22  Mothership  
  165  13:30  Zealot x3  
  165  13:31  Zealot x4  
  163  13:54  Probe x2  
  163  13:55  Void Ray x2  
  157  13:57  Archon  
  157  13:58  Void Ray  
  157  13:59  High Templar x2  
  165  14:04  Nexus  
  171  14:16  Zealot x7  
  171  14:17  Zealot  
  175  14:23  Observer  
  176  14:28  Probe x2  
  178  14:31  Void Ray  
  178  14:37  Stalker  
Show
View Real Time Build Order
Export as new Build Order

shinobu Zerg 

Build Orders: Hatch First 

Get SALT Encoding   

  12  0:00  Drone  
  13  0:08  Drone  
  14  0:14  Extractor, Drone  
  15  0:21  Overlord  
  15  0:40  Drone  
  16  0:46  Hatchery  
  16  0:50  Drone  
  16  0:52  Drone  
  16  0:56  Drone  
  18  1:06  Extractor  
  17  1:12  Spawning Pool  
  17  1:14  Drone  
  17  1:18  Drone  
  18  1:28  Drone  
  19  1:36  Drone  
  20  1:47  Drone  
  21  1:58  Queen x2  
  21  1:59  Zergling x2  
  26  2:01  Overlord  
  26  2:10  Drone x2  
  26  2:11  Metabolic Boost  
  28  2:20  Drone x2  
  30  2:31  Zergling x2  
  30  2:32  Drone  
  32  2:37  Hatchery  
  32  2:41  Overlord  
  32  2:43  Drone  
  32  2:49  Queen  
  34  2:52  Drone  
  34  2:57  Drone  
  36  3:07  Drone  
  36  3:08  Drone x3  
  40  3:16  Drone x4  
  40  3:17  Overlord  
  42  3:23  Queen, Extractor  
  44  3:34  Queen  
  44  3:35  Drone x2  
  44  3:39  Drone  
  44  3:40  Extractor  
  48  3:41  Drone, Roach Warren  
  48  3:45  Drone x2  
  48  3:46  Drone  
  51  3:50  Overlord  
  51  3:52  Zergling x2  
  54  4:03  Overlord x4  
  54  4:14  Drone x3  
  57  4:18  Lair  
  57  4:21  Drone  
  57  4:22  Drone x6  
  64  4:24  Drone  
  64  4:30  Drone  
  66  4:34  Drone  
  66  4:36  Drone  
  66  4:37  Extractor  
  66  4:38  Drone x4  
  69  4:41  Roach Warren  
  69  4:42  Evolution Chamber  
  69  4:43  Zergling x6  
  69  4:50  Drone x2  
  69  4:51  Drone x3  
  69  4:52  Drone  
  75  4:57  Drone  
  73  5:02  Drone  
  73  5:06  Overlord, Zergling x6  
  76  5:13  Overlord  
  74  5:18  Extractor  
  74  5:20  Spore Crawler, Roach x5  
  82  5:23  Evolution Chamber  
  82  5:26  Roach x2  
  82  5:27  Spore Crawler  
  84  5:31  Glial Reconstitution  
  84  5:34  Zergling x2, Roach  
  84  5:45  Roach x2  
  84  5:46  Roach  
  84  5:59  Drone  
  84  6:00  Drone x11  
  95  6:04  Zerg Missile Weapons Level 1  
  89  6:12  Drone x3  
  89  6:15  Drone  
  92  6:20  Drone x5  
  92  6:25  Pneumatized Carapace  
  96  6:26  Drone  
  96  6:32  Extractor  
  96  6:33  Extractor, Overlord  
  96  6:34  Extractor, Drone  
  96  6:35  Drone x3  
  96  6:36  Overlord  
  97  6:43  Hatchery  
  97  6:44  Roach x2  
  100  6:47  Queen  
  100  6:48  Queen  
  100  6:52  Roach x2  
  100  6:53  Overlord  
  108  6:58  Overlord  
  112  7:01  Roach x3  
  112  7:02  Evolution Chamber  
  111  7:11  Overlord  
  111  7:12  Overlord, Queen  
  109  7:16  Roach x5  
  121  7:23  Roach  
  121  7:36  Roach x9  
  139  7:37  Ravager x2  
  141  7:55  Queen x2  
  145  8:00  Overseer  
  145  8:02  Overlord  
  145  8:03  Roach x7  
  145  8:05  Overlord x2  
  156  8:18  Queen  
  156  8:19  Queen  
  150  8:20  Spire  
  150  8:21  Spore Crawler  
  150  8:24  Spore Crawler  
  140  8:32  Drone  
  140  8:33  Drone x7  
  132  8:37  Evolution Chamber  
  86  9:02  Spore Crawler x2  
  85  9:06  Spore Crawler  
  85  9:07  Spore Crawler  
  82  9:10  Roach x8  
  82  9:13  Queen  
  82  9:14  Queen  
  82  9:15  Zerg Missile Weapons Level 2  
  82  9:16  Zerg Ground Armor Level 1  
  102  9:29  Corruptor  
  103  9:36  Corruptor  
  103  9:37  Corruptor, Zerg Flyer Weapons Level 1  
  107  9:39  Hatchery  
  107  9:44  Corruptor  
  107  9:45  Corruptor  
  110  9:48  Corruptor  
  110  9:52  Corruptor  
  104  9:58  Corruptor  
  108  10:05  Corruptor x2  
  112  10:09  Corruptor  
  112  10:12  Ravager x6  
  122  10:14  Roach  
  122  10:27  Drone x3  
  122  10:28  Drone x2  
  127  10:30  Roach x5  
  127  10:33  Overlord  
  127  10:34  Overlord  
  137  10:39  Corruptor  
  137  10:42  Corruptor  
  141  10:55  Corruptor x3  
  147  11:01  Drone x4  
  147  11:03  Extractor  
  150  11:04  Extractor  
  150  11:07  Roach x3  
  153  11:23  Corruptor x4  
  157  11:37  Roach x9  
  160  11:44  Drone x3  
  160  11:45  Drone x3  
  158  11:51  Drone  
  158  11:52  Drone x5  
  162  12:08  Drone  
  162  12:09  Drone x5, Infestation Pit  
  167  12:15  Spine Crawler  
  167  12:16  Spine Crawler  
  161  12:23  Overlord x3  
  161  12:24  Zergling x10  
  161  12:28  Zerg Flyer Weapons Level 2  
  164  12:43  Corruptor  
  164  12:44  Corruptor x3  
  154  12:51  Infestor x3  
  139  13:02  Infestor x4  
  147  13:08  Roach x5, Zergling x2  
  140  13:20  Ravager x2  
  120  13:42  Roach x3  
  120  13:43  Roach x16  
  152  13:52  Ravager  
  152  13:54  Queen x2  
  149  14:01  Roach x7  
  149  14:02  Roach  
  157  14:12  Ravager x6  
  157  14:13  Overlord x2  
  161  14:20  Ravager x2  
  161  14:21  Overlord  
  163  14:26  Spine Crawler  
  163  14:28  Drone x3  
  163  14:30  Ravager  
  163  14:31  Ravager  
  150  14:44  Roach x9  
Tags
 
Add a new tag
Caveats
  • Supply blocks, unpowered buildings, or Contaminate may cause inaccurate times.
  • Supply counts are checked every 10 seconds.